Map: Rhoskallian LE

Players

qqq - Winner!

  • Race: Zerg Zerg
  • Spawn Location: 6:00

Massa - Winner!

  • Race: Terran Terran
  • League: Platinum
  • Spawn Location: 5:00

Ansenlong

  • Race: Terran Terran
  • League: Platinum
  • Spawn Location: 11:00

siBeling

  • Race: Zerg Zerg
  • League: Diamond
  • Spawn Location: 12:00

VOD

Have the link to the VOD?

Description

Time

  • Played on: Feb. 23, 2021, 3:56 p.m.
  • Length: 22:32
Show
View Real Time Build Order
Export as new Build Order

qqq Zerg - Winner!

Build Orders: Hatch First 

Get SALT Encoding   

  12  0:02  Drone  
  13  0:08  Drone  
  14  0:18  Overlord  
  14  0:45  Hatchery  
  13  0:55  Drone  
  14  0:59  Drone  
  14  1:00  Drone  
  16  1:15  Spawning Pool  
  15  1:19  Extractor  
  15  1:20  Drone  
  15  1:30  Drone x2  
  17  1:46  Drone  
  18  1:51  Drone  
  19  2:02  Drone  
  19  2:05  Drone, Queen  
  23  2:08  Queen  
  24  2:19  Drone x2  
  26  2:23  Overlord  
  26  2:29  Zergling x2  
  27  2:30  Drone  
  27  2:35  Metabolic Boost  
  28  2:40  Overlord  
  28  2:47  Zergling x2  
  28  2:48  Zergling x2  
  30  2:54  Zergling x2  
  30  2:55  Zergling x2  
  32  3:02  Zergling x2, Evolution Chamber  
  32  3:05  Zergling x2  
  33  3:14  Overlord  
  33  3:15  Zergling x6  
  36  3:20  Zergling x4  
  36  3:24  Zergling x2  
  36  3:26  Zergling x2  
  40  3:31  Zerg Melee Weapons Level 1  
  40  3:35  Zergling x2  
  40  3:37  Zergling x2  
  42  3:41  Zergling x2  
  42  3:48  Drone  
  44  3:51  Lair  
  44  3:53  Drone  
  45  4:00  Drone x2  
  45  4:02  Drone  
  47  4:06  Drone  
  47  4:07  Drone  
  45  4:33  Drone x3  
  45  4:34  Drone x3  
  45  4:37  Extractor  
  47  4:39  Extractor  
  47  4:40  Extractor  
  45  4:51  Zergling x2  
  45  4:52  Hatchery  
  36  5:10  Drone x3  
  36  5:13  Spore Crawler  
  38  5:16  Spore Crawler  
  37  5:21  Spore Crawler  
  35  5:30  Overseer  
  35  5:45  Drone x4  
  35  5:46  Drone x2  
  41  5:53  Pneumatized Carapace  
  41  6:06  Drone x2  
  43  6:13  Drone  
  43  6:14  Zergling x2  
  43  6:15  Zergling x14  
  43  6:16  Zergling x2  
  52  6:26  Spire  
  52  6:28  Drone x2  
  52  6:29  Drone  
  48  6:50  Drone  
  48  6:51  Drone x4  
  52  6:58  Drone x2  
  52  6:59  Drone x2  
  52  7:00  Overlord  
  56  7:09  Drone x2  
  58  7:17  Overlord  
  58  7:18  Overlord  
  58  7:20  Drone x2  
  51  7:38  Mutalisk x6  
  51  7:41  Mutalisk  
  65  7:44  Zerg Flyer Weapons Level 1  
  65  7:45  Drone  
  65  7:48  Drone  
  65  7:49  Drone  
  65  7:50  Drone  
  69  7:54  Drone x2  
  69  7:56  Mutalisk  
  73  7:59  Mutalisk  
  75  8:06  Mutalisk  
  75  8:07  Mutalisk  
  75  8:09  Overlord  
  75  8:11  Drone  
  80  8:18  Drone  
  80  8:19  Infestation Pit  
  80  8:21  Mutalisk  
  80  8:23  Overlord x2  
  82  8:30  Drone, Mutalisk x2  
  82  8:34  Spine Crawler  
  86  8:36  Spine Crawler  
  86  8:39  Spine Crawler  
  84  8:42  Queen  
  84  9:10  Mutalisk  
  84  9:11  Mutalisk x3  
  84  9:12  Drone x2  
  84  9:13  Drone  
  84  9:17  Extractor x2  
  94  9:20  Hive  
  94  9:23  Drone  
  94  9:26  Spore Crawler  
  93  9:35  Drone  
  93  9:37  Zergling x8  
  98  9:39  Zerg Flyer Armor Level 1  
  98  9:43  Hatchery  
  97  9:52  Drone  
  98  10:06  Drone  
  99  10:07  Mutalisk x3  
  99  10:09  Overlord x6  
  105  10:15  Hatchery, Overlord  
  104  10:30  Drone x2  
  96  10:45  Drone, Mutalisk  
  96  10:46  Mutalisk x3  
  96  10:47  Viper  
  108  10:50  Viper  
  108  10:51  Zergling x2  
  108  10:52  Drone, Zergling x2  
  112  11:16  Drone x2  
  114  11:23  Drone  
  114  11:25  Mutalisk x2, Corruptor x3  
  125  11:33  Greater Spire  
  125  11:36  Drone  
  125  11:39  Hatchery  
  124  11:57  Hatchery  
  101  12:14  Mutalisk x5  
  101  12:15  Mutalisk x2  
  103  12:28  Drone x3  
  103  12:29  Mutalisk x2  
  108  12:47  Drone  
  101  12:57  Brood Lord  
  101  12:58  Brood Lord x2  
  100  13:01  Drone x2  
  97  13:18  Mutalisk x3  
  99  13:20  Drone x3  
  99  13:25  Hatchery  
  101  13:29  Hatchery  
  101  13:31  Drone  
  101  13:32  Drone x7  
  105  13:37  Viper  
  107  14:06  Drone x2  
  107  14:07  Drone x4  
  113  14:26  Corruptor x4  
  113  14:28  Drone x2  
  123  14:35  Hatchery  
  122  14:40  Drone x2  
  122  14:42  Extractor  
  123  14:49  Spine Crawler, Spore Crawler  
  123  14:51  Viper x2  
  116  15:11  Lair  
  107  15:32  Drone x5  
  107  15:35  Hatchery  
  111  15:39  Drone  
  112  15:50  Drone  
  112  15:51  Drone x2  
  115  15:59  Extractor  
  115  16:00  Extractor  
  115  16:01  Spine Crawler  
  112  16:08  Brood Lord x3  
  112  16:09  Brood Lord  
  112  16:10  Drone x6  
  112  16:11  Corruptor x4  
  125  16:16  Drone  
  131  16:19  Spine Crawler x2  
  131  16:20  Drone, Spine Crawler  
  131  16:21  Spine Crawler  
  131  16:22  Spine Crawler  
  131  16:23  Spine Crawler  
  131  16:24  Spine Crawler x3  
  123  16:28  Spine Crawler x2  
  96  16:56  Corruptor x3  
  96  16:57  Drone x4  
  105  17:07  Brood Lord x2  
  107  17:12  Drone  
  107  17:13  Drone x2  
  110  17:23  Drone x2  
  108  17:42  Brood Lord x2  
  108  17:43  Drone x3, Brood Lord  
  108  17:44  Drone  
  96  17:54  Corruptor  
  96  17:55  Corruptor  
  96  17:57  Drone  
  101  18:02  Overseer x2  
  101  18:15  Drone x2  
  103  18:24  Hatchery  
  103  18:26  Spine Crawler  
  101  18:34  Hatchery  
  100  18:37  Corruptor x5  
  100  18:39  Drone x2  
  112  19:01  Zerg Flyer Weapons Level 2  
  112  19:07  Spire  
  99  19:14  Corruptor  
  101  19:36  Corruptor x4  
  101  19:37  Drone x3  
  110  19:40  Corruptor  
  110  19:45  Spine Crawler x2  
  108  19:46  Spore Crawler  
  108  19:49  Spine Crawler  
  96  19:54  Corruptor x3  
  96  19:55  Drone  
  96  19:56  Drone x2  
  104  20:03  Corruptor  
  90  20:15  Corruptor  
  90  20:16  Drone  
  90  20:17  Drone x3  
  90  20:19  Drone  
  92  20:31  Drone x3  
  92  20:35  Spine Crawler  
  86  20:42  Brood Lord  
  53  21:31  Brood Lord  
  54  21:33  Drone  
  54  21:36  Drone, Hatchery  
  55  21:42  Drone  
  43  22:03  Corruptor  
  43  22:05  Drone  
  46  22:13  Drone x2  
Show
View Real Time Build Order
Export as new Build Order

Massa Terran - Winner!

Build Orders:  

Get SALT Encoding   

  12  0:00  SCV  
  13  0:12  SCV  
  14  0:22  Supply Depot  
  14  0:24  SCV  
  15  0:40  Refinery  
  15  0:44  SCV  
  15  0:45  Barracks  
  16  0:56  SCV  
  17  1:08  SCV  
  18  1:20  SCV  
  20  1:32  Reaper  
  20  1:34  Orbital Command  
  20  1:47  Command Center  
  20  2:01  SCV  
  21  2:07  Supply Depot  
  21  2:13  Factory  
  21  2:14  Marine  
  22  2:25  SCV  
  23  2:59  Barracks Tech Lab, Factory Reactor  
  23  3:01  SCV  
  24  3:07  Orbital Command  
  24  3:12  Starport  
  24  3:13  SCV  
  25  3:20  Barracks  
  25  3:25  SCV  
  26  3:30  Refinery  
  26  3:32  Engineering Bay  
  26  3:36  SCV  
  26  3:37  SCV  
  28  3:42  Marine  
  28  3:45  Hellion x2  
  33  3:48  SCV  
  33  3:49  Stimpack  
  33  3:53  Refinery  
  33  3:54  SCV  
  35  4:00  SCV  
  35  4:02  Missile Turret x2  
  36  4:06  SCV  
  37  4:11  Missile Turret  
  37  4:13  SCV  
  37  4:14  Hellion  
  37  4:17  Barracks Reactor  
  40  4:18  SCV  
  41  4:29  Hellion  
  44  4:31  SCV x2  
  45  4:40  Supply Depot  
  45  4:43  SCV  
  46  5:02  SCV, Hellion, Medivac  
  51  5:12  Marine  
  51  5:13  Marine x2  
  46  5:29  Widow Mine x2  
  46  5:30  Marine x2  
  46  5:32  Medivac  
  54  5:36  Combat Shield  
  53  5:44  Marauder  
  53  5:48  Marine  
  53  5:49  Marine  
  54  5:59  Missile Turret  
  53  6:19  SCV  
  53  6:24  Command Center  
  54  6:27  Missile Turret, Supply Depot  
  54  6:49  SCV x2  
  54  7:01  SCV x2  
  55  7:13  SCV x2  
  57  7:19  Marine  
  57  7:20  Marauder, Marine  
  61  7:25  SCV  
  62  7:30  Supply Depot x2  
  62  7:31  Supply Depot x2  
  62  7:34  Barracks  
  62  7:35  SCV, Barracks x2, Medivac  
  62  7:36  Widow Mine x2, Factory  
  69  7:37  SCV, Marine  
  71  7:47  SCV  
  72  7:54  Supply Depot  
  69  8:08  Marine x2  
  69  8:09  Marauder  
  71  8:19  Widow Mine x2  
  77  8:26  Marine x2  
  79  8:29  Factory Tech Lab  
  79  8:30  Marauder  
  79  8:31  Starport Reactor  
  77  9:13  Barracks Reactor, Barracks Tech Lab x2, Marauder  
  77  9:14  Marine x2  
  80  9:24  Siege Tank  
  80  9:25  Widow Mine x2  
  84  9:32  Marine x2  
  84  9:34  Marauder, Medivac x2  
  86  9:39  SCV x2  
  88  9:46  Widow Mine x2, Missile Turret  
  88  9:47  Missile Turret  
  88  9:51  SCV  
  88  9:52  Refinery, SCV  
  94  9:55  Marauder  
  94  9:56  Siege Tank  
  99  10:03  SCV, Marauder x2, Marine x2  
  99  10:04  SCV, Marine x2  
  109  10:07  Concussive Shells  
  109  10:08  Widow Mine  
  111  10:16  SCV x2, Marine  
  114  10:21  Marine  
  114  10:24  Planetary Fortress  
  114  10:28  SCV x2  
  117  10:29  Missile Turret  
  117  10:32  Missile Turret  
  117  10:33  Missile Turret  
  117  10:45  Supply Depot  
  117  10:46  Supply Depot  
  117  10:49  Missile Turret, Supply Depot  
  117  10:51  Supply Depot  
  117  10:54  Engineering Bay  
  117  10:56  Armory, Terran Infantry Weapons Level 1  
  117  11:07  Widow Mine x2, SCV x2  
  117  11:08  Siege Tank  
  126  11:14  Marauder x3, Marine x4  
  126  11:17  Medivac x2  
  140  11:19  SCV  
  137  11:29  Widow Mine x2  
  139  11:34  Terran Infantry Armor Level 1  
  139  11:40  Siege Tank  
  142  11:47  Medivac  
  121  11:58  Marauder x3, Marine x3  
  92  12:10  Marine  
  92  12:12  Medivac  
  92  12:13  Siege Tank  
  92  12:14  Widow Mine x2  
  102  12:16  Marine x3  
  102  12:17  Medivac  
  102  12:19  Marauder x3  
  113  12:32  SCV x3  
  113  12:34  Refinery  
  113  12:35  Refinery, Widow Mine x2  
  120  12:38  Terran Vehicle Weapons Level 1  
  120  12:39  Drilling Claws  
  120  12:40  Marauder  
  120  12:44  SCV  
  123  12:45  Siege Tank  
  123  12:51  Command Center  
  126  12:54  Liberator x2  
  126  12:56  Widow Mine  
  132  13:17  Siege Tank  
  130  13:27  Marauder x3, Marine x3  
  130  13:28  Widow Mine  
  130  13:29  Widow Mine  
  137  13:37  Liberator  
  142  13:48  Marauder  
  142  13:49  Siege Tank  
  142  13:50  Widow Mine x2  
  141  13:58  Smart Servos, Marauder x2, Marine  
  141  13:59  Marine x3  
  147  14:03  Planetary Fortress  
  147  14:09  Marauder  
  148  14:11  Widow Mine  
  148  14:16  Marine  
  148  14:17  Marine x3  
  151  14:19  Marauder  
  151  14:20  Marauder  
  151  14:22  Siege Tank  
  159  14:30  Marine  
  156  14:46  Marauder x2, Marine x4  
  163  15:04  Marine  
  164  15:15  Marine  
  164  15:16  Marine  
  164  15:17  Marauder x2  
  164  15:19  Marauder  
  164  15:20  Siege Tank  
  160  15:22  Widow Mine x2  
  143  15:34  Marine x2  
  143  15:35  Medivac x2  
  147  15:38  Marauder x2  
  151  15:43  Widow Mine  
  151  15:44  Widow Mine  
  155  15:50  SCV x3  
  155  15:52  SCV, Siege Tank  
  162  16:02  SCV x2  
  164  16:09  Marine x2  
  164  16:12  Marine x2  
  164  16:14  SCV  
  164  16:15  SCV x2  
  164  16:16  SCV, Marauder  
  164  16:17  Marauder x2  
  164  16:18  Medivac  
  164  16:19  Widow Mine  
  164  16:22  Medivac  
  162  16:25  Siege Tank  
  162  16:28  Marine  
  162  16:29  Marine  
  164  16:42  Marine  
  164  16:43  Marine  
  164  16:44  Marauder  
  164  17:08  Marine  
  164  17:12  Marine  
  163  17:23  Marauder  
  163  17:25  Medivac x2  
  163  17:28  Marine  
  164  17:30  Marauder  
  164  17:32  Marauder  
  164  17:38  Marine, Siege Tank  
  164  17:42  Marine x2  
  161  17:44  Widow Mine x2  
  161  17:45  Marauder  
  161  17:46  Marine  
  156  17:51  Marauder  
  156  17:54  Marauder  
  156  17:56  Marine  
  158  18:00  Marine  
  159  18:06  Widow Mine, Marauder  
  159  18:08  Marine  
  159  18:11  SCV x2  
  164  18:20  Supply Depot  
  164  18:21  Supply Depot  
  164  18:22  Terran Infantry Armor Level 2, Terran Infantry Weapons Level 2  
  164  18:23  Terran Vehicle Weapons Level 2, Supply Depot  
  164  18:25  Supply Depot  
  164  18:26  Supply Depot  
  164  18:27  Supply Depot  
  164  18:28  Supply Depot  
  164  18:31  Supply Depot  
  164  18:35  Missile Turret  
  164  18:36  Missile Turret  
  164  18:38  Refinery  
  164  18:40  Refinery, SCV x2  
  164  18:41  SCV  
  164  18:42  SCV, Marauder, Marine x4  
  164  18:43  Marauder x2, Siege Tank  
  178  19:01  Marine  
  178  19:02  Marine x3  
  182  19:03  Marine  
  182  19:04  Marine x2  
  185  19:10  Hellbat x2  
  185  19:15  Hellbat  
  182  19:19  Marine x4  
  182  19:21  Marine  
  187  19:38  Thor  
  187  19:39  Widow Mine x2  
  191  20:01  Widow Mine x2  
  188  20:07  Marauder x3, Marine  
  189  20:21  Thor  
  177  20:28  Marauder  
  177  20:29  Marauder x2  
  176  20:38  Marine  
  176  20:40  Widow Mine x2  
  179  20:50  Marauder x3  
  179  20:54  Marine  
  179  20:55  Marine x3  
  187  21:02  Widow Mine  
  187  21:04  Thor  
  187  21:11  Marauder x3  
  195  21:12  Marine  
  200  21:32  Marauder  
  197  21:33  Marauder  
  199  21:50  Medivac  
Show
View Real Time Build Order
Export as new Build Order

Ansenlong Terran 

Build Orders: Banshee Rush 

Get SALT Encoding   

  12  0:01  SCV  
  13  0:13  SCV  
  14  0:18  Supply Depot  
  14  0:28  SCV  
  15  0:40  SCV  
  15  0:41  Barracks  
  16  0:47  Refinery  
  16  0:52  SCV  
  17  1:04  SCV  
  18  1:16  SCV  
  19  1:28  SCV  
  20  1:34  Reaper  
  20  1:37  Command Center  
  21  1:42  SCV  
  22  1:48  Refinery  
  22  1:54  SCV  
  23  2:25  Factory  
  23  2:30  Barracks  
  23  2:31  Barracks Reactor  
  23  2:43  Orbital Command  
  23  2:46  Supply Depot  
  23  2:56  Orbital Command  
  23  3:11  Starport, Factory Tech Lab  
  23  3:12  SCV  
  24  3:19  Engineering Bay  
  24  3:23  SCV, Supply Depot  
  25  3:34  Barracks Tech Lab, Supply Depot  
  25  3:36  SCV  
  25  3:40  SCV  
  27  3:48  SCV  
  28  3:54  Supply Depot  
  28  3:55  Cloaking Field  
  28  3:56  Banshee  
  28  4:02  Marine x3  
  32  4:07  Widow Mine  
  36  4:34  Marine x2  
  37  4:42  Banshee  
  37  4:54  Marine x2  
  36  5:00  SCV  
  36  5:06  SCV  
  38  5:12  SCV  
  39  5:18  SCV  
  39  5:25  Liberator  
  42  5:32  SCV x2  
  42  5:33  Marine  
  45  5:44  SCV  
  46  6:12  SCV x2  
  46  6:18  Marine x2, Stimpack  
  49  6:24  SCV x2  
  52  6:40  Command Center  
  49  7:10  SCV, Marine x2  
  49  7:11  Marine  
  47  7:19  Barracks, Terran Infantry Weapons Level 1  
  47  7:20  Barracks  
  47  7:22  Barracks  
  47  7:23  Starport Reactor, Engineering Bay  
  47  7:25  Supply Depot x2  
  47  7:27  Supply Depot  
  47  7:28  Supply Depot  
  47  7:30  Barracks  
  47  7:31  Marine x2  
  47  7:32  SCV, Siege Tank  
  47  7:33  SCV, Barracks  
  54  7:39  Marine  
  55  7:44  SCV  
  55  7:45  SCV  
  55  7:49  Marine  
  58  7:55  Marine  
  58  7:57  Marine  
  59  7:59  Combat Shield  
  59  8:03  Medivac  
  59  8:04  Siege Tank  
  64  8:06  Marine  
  65  8:13  Marine  
  65  8:15  Marine  
  67  8:24  SCV x2, Marine  
  67  8:26  Barracks Reactor, Barracks Tech Lab, Marine  
  73  8:29  Barracks Reactor  
  73  8:30  Marine  
  73  8:33  Marine  
  73  8:36  SCV x2, Siege Tank  
  73  8:37  Refinery x2, Marine  
  79  8:42  Marine  
  79  8:43  Marine  
  79  8:48  SCV, Marine  
  82  8:51  Orbital Command  
  82  8:54  Marine x2  
  83  9:08  Siege Tank  
  83  9:09  Marine  
  76  9:10  Marine x2  
  76  9:13  Orbital Command  
  76  9:14  Terran Infantry Armor Level 1  
  77  9:20  Armory  
  77  9:21  Marine x4  
  77  9:22  Marine x2  
  83  9:39  SCV x3  
  83  9:40  Siege Tank  
  89  9:49  Marine x2  
  89  9:51  SCV x3  
  94  9:53  Barracks Reactor  
  94  10:03  SCV  
  94  10:04  Missile Turret  
  94  10:07  SCV  
  96  10:08  Missile Turret  
  96  10:11  SCV, Marine x3  
  96  10:12  Marauder x2, Marine x4  
  96  10:13  Medivac  
  110  10:32  Marine x3  
  110  10:33  SCV, Marine x2  
  116  10:39  Refinery  
  116  10:40  Refinery  
  116  10:41  Missile Turret  
  116  10:44  Marine  
  116  10:46  Barracks Reactor  
  116  10:47  Missile Turret  
  117  11:52  Marine x4  
  117  11:53  Marine  
  117  11:54  Marine x3  
  117  11:56  Marine  
  117  12:00  Missile Turret  
  117  12:02  Marine, Missile Turret x3  
  117  12:04  Widow Mine  
  117  12:05  Missile Turret  
  117  12:06  Medivac  
  116  12:10  Missile Turret  
  116  12:19  Marauder x2  
  117  12:24  Marine  
  117  12:25  Sensor Tower  
  117  12:38  Sensor Tower  
  117  13:02  Terran Infantry Armor Level 2, Terran Infantry Weapons Level 2, Marine  
  117  13:03  Marine x9, Terran Vehicle Weapons Level 1  
  117  13:04  Widow Mine, SCV, Marauder x2  
  133  13:07  Medivac  
  133  13:09  Liberator  
  133  13:19  Marine  
  110  13:21  Marine x9  
  110  13:25  Marine x2, Siege Tank  
  117  13:37  Marine, Liberator  
  117  13:39  Marine x9  
  129  13:43  Marauder x2  
  129  13:52  Viking  
  129  13:55  Marine  
  119  13:57  Marine x9  
  129  14:05  Marauder x2  
  133  14:14  Marine x3  
  133  14:15  Marine  
  133  14:16  Marine x2  
  133  14:17  Marine x2  
  133  14:18  Marine  
  133  14:19  Marine, Supply Depot  
  133  14:20  Viking, Supply Depot  
  133  14:24  Viking  
  133  14:26  Marauder x2  
  126  14:40  Marine x9  
  126  14:41  Marine  
  124  14:47  Marine  
  124  14:48  Marauder  
  124  14:50  Viking  
  120  14:54  Viking  
  120  14:58  Marine x6  
  118  15:06  Marine x2  
  101  15:07  Marine  
  101  15:09  Marauder  
  101  15:15  Marine x2  
  101  15:16  Marine x2  
  101  15:24  Marine x2  
  88  15:28  Marine  
  88  15:29  SCV  
  88  15:30  SCV  
  88  15:33  Marine  
  92  15:39  Factory Tech Lab  
  90  15:43  Marine x2  
  90  15:44  Marine  
  90  15:47  Marine x2  
  90  15:48  Marine  
  90  15:49  Barracks  
  96  15:51  Barracks  
  96  15:53  Barracks  
  96  16:19  Marine x3  
  87  16:51  Marine x2  
  87  16:52  Marine  
  77  17:01  Marine x4  
  77  17:02  Marine x2  
  77  17:03  Marine x2  
  77  17:06  Marine  
  77  17:07  Viking x2  
  80  17:09  Marine x2  
  80  17:10  Marine  
  79  17:19  Marine x4  
  79  17:20  Marine x4  
  87  17:23  Marine  
  87  17:27  Marine x2  
  87  17:28  Marine  
  91  17:34  Missile Turret  
  91  17:37  Marine x4, Viking x2  
  91  17:38  Marine x3  
  91  17:39  Marine  
  91  17:41  Marine  
  101  17:45  Marine  
  96  17:52  Marine x2  
  96  17:56  Marine x3  
  96  17:57  Marine x5  
  104  17:59  Marine  
  104  18:02  Marine  
  104  18:03  Siege Tank  
  109  18:07  Viking x2  
  109  18:09  Command Center  
  109  18:10  Marine x2  
  115  18:14  Marine x3  
  115  18:15  Marine x3  
  115  18:16  Marine x2  
  115  18:17  Marine  
  124  18:23  Marine  
  125  18:28  Marine x2  
  125  18:32  Marine x2  
  129  18:37  Viking  
  131  18:42  Marine  
  67  20:08  Marine x2  
  67  20:09  Marine  
  67  20:11  Marine  
  67  20:12  Marine x2  
  53  20:17  Marine  
  53  20:18  Marine x5  
  57  20:26  Marine x3  
  59  20:29  Marine x2  
  59  20:30  Marine  
  59  20:33  Siege Tank  
  59  20:35  Marine x2  
  58  20:36  Marine x4  
  58  20:37  Command Center  
  58  20:42  Viking x2  
  61  20:44  Marine x3  
  61  20:47  Marine x3  
  67  20:53  Marine x2  
  69  21:05  Siege Tank  
  72  21:11  Marine x2  
  68  21:29  Marine x4  
  66  21:37  Siege Tank  
  41  22:12  Marine x2  
Show
View Real Time Build Order
Export as new Build Order

siBeling Zerg 

Build Orders: 3 Hatch before Pool 

Get SALT Encoding   

  12  0:00  Drone  
  13  0:13  Overlord  
  13  0:23  Drone  
  14  0:31  Drone x2  
  16  0:38  Drone  
  17  0:53  Hatchery  
  17  1:01  Hatchery  
  16  1:14  Spawning Pool  
  16  1:17  Drone  
  16  1:22  Drone  
  16  1:25  Drone  
  18  1:31  Drone  
  18  1:32  Extractor  
  18  1:46  Drone  
  19  1:50  Drone  
  20  2:04  Overlord  
  20  2:05  Queen  
  22  2:13  Queen  
  22  2:14  Drone x2  
  26  2:22  Drone  
  26  2:26  Drone  
  27  2:38  Drone x2  
  27  2:40  Metabolic Boost  
  29  2:51  Drone  
  29  2:52  Drone  
  31  3:00  Drone x2  
  31  3:01  Baneling Nest  
  32  3:07  Zergling x2  
  32  3:08  Drone  
  34  3:16  Zergling x2  
  35  3:20  Hatchery  
  35  3:22  Zergling x2  
  35  3:23  Zergling x2  
  35  3:25  Overlord  
  36  3:44  Queen  
  36  3:47  Lair  
  38  3:59  Zergling x12  
  40  4:10  Drone  
  40  4:11  Drone  
  41  4:28  Zergling x8  
  41  4:32  Baneling  
  41  4:34  Zergling x6  
  32  4:42  Zergling x2  
  32  4:43  Zergling x2  
  31  4:49  Baneling  
  31  4:50  Zergling x4  
  32  4:55  Queen x2  
  32  5:09  Drone x6  
  35  5:22  Drone  
  35  5:23  Drone  
  35  5:26  Drone x2  
  35  5:27  Drone  
  39  5:29  Drone  
  39  5:30  Spire  
  39  5:33  Drone  
  40  5:46  Drone x2  
  42  5:50  Hatchery  
  42  5:54  Drone x2  
  42  5:56  Drone  
  44  5:58  Overlord x2  
  44  6:12  Extractor  
  43  6:19  Drone x6  
  43  6:20  Hydralisk Den  
  48  6:34  Drone x3  
  48  6:35  Drone  
  51  6:53  Extractor  
  50  6:54  Extractor  
  49  7:03  Zergling x20  
  49  7:08  Extractor, Queen  
  61  7:09  Extractor  
  59  7:22  Baneling x2  
  57  7:30  Zergling x16  
  57  7:33  Drone x2  
  57  7:34  Drone  
  63  7:44  Queen  
  59  8:06  Drone x8  
  59  8:10  Zergling x6  
  59  8:11  Overlord x2  
  59  8:12  Overlord  
  65  8:22  Overlord  
  65  8:23  Overlord x2  
  65  8:33  Mutalisk x8  
  65  8:34  Mutalisk  
  79  8:38  Mutalisk  
  85  8:42  Spore Crawler  
  85  8:46  Spore Crawler  
  79  8:58  Mutalisk x3  
  85  9:06  Drone x3  
  88  9:12  Zerg Flyer Armor Level 1  
  88  9:27  Mutalisk x3  
  91  9:36  Drone  
  92  9:39  Drone x9  
  101  9:50  Mutalisk x2  
  101  9:52  Overlord x2  
  105  10:04  Drone  
  105  10:06  Spore Crawler  
  105  10:10  Overlord x2  
  105  10:11  Overlord  
  105  10:19  Mutalisk x8  
  120  10:22  Drone x2  
  122  10:34  Hatchery  
  109  10:43  Mutalisk x6  
  109  10:47  Overlord  
  121  10:54  Drone x3  
  124  11:00  Hatchery  
  123  11:05  Zergling x2  
  123  11:06  Zergling x12  
  130  11:18  Hatchery  
  129  11:26  Pneumatized Carapace  
  129  11:30  Overseer x2  
  129  11:32  Drone x9  
  112  12:14  Hydralisk x15  
  112  12:15  Hydralisk x2  
  134  12:28  Infestation Pit  
  130  12:44  Drone x6  
  130  12:45  Drone x3  
  139  12:52  Queen  
  139  12:58  Drone x7, Queen  
  150  13:08  Muscular Augments  
  150  13:09  Hydralisk  
  150  13:10  Hydralisk x3, Evolution Chamber  
  150  13:11  Lurker Den, Evolution Chamber  
  147  13:21  Zergling x10  
  147  13:26  Drone  
  147  13:27  Drone x3  
  151  13:34  Hydralisk x2  
  155  13:46  Drone x4  
  136  13:59  Lair  
  128  14:03  Hydralisk x6  
  128  14:05  Lurker Den  
  134  14:23  Overlord x4  
  134  14:24  Hydralisk x5  
  132  14:28  Extractor  
  132  14:29  Extractor  
  132  14:31  Mutalisk x2  
  140  14:37  Drone  
  140  14:38  Drone x2  
  141  15:11  Hydralisk x12  
  149  15:24  Hydralisk  
  149  15:25  Hydralisk x3  
  157  15:34  Hydralisk  
  157  15:35  Hydralisk x2  
  161  15:39  Spawning Pool  
  161  15:40  Lurker x6  
  168  15:47  Hatchery  
  167  15:51  Zerg Missile Weapons Level 1, Zerg Ground Armor Level 1  
  165  16:06  Overseer  
  165  16:17  Hydralisk x10  
  138  16:37  Hydralisk x6  
  150  16:49  Hydralisk x3  
  156  16:57  Queen  
  145  17:25  Hydralisk x7  
  145  17:26  Hydralisk x6  
  123  17:45  Hydralisk x6  
  119  17:53  Drone x12  
  119  17:56  Extractor x2  
  129  18:01  Lurker x3  
  126  18:05  Zergling x4  
  126  18:06  Zergling x22  
  126  18:11  Lurker  
  139  18:13  Zergling x4  
  139  18:18  Hive  
  141  18:22  Zergling x14  
  139  18:49  Hydralisk  
  139  18:50  Hydralisk x10  
  151  19:07  Overlord  
  148  19:13  Zergling x20  
  153  19:29  Zergling x2  
  153  19:30  Zergling x22  
  159  19:42  Zergling x6  
  146  20:03  Hydralisk x7  
  120  20:25  Hydralisk x10  
  125  20:36  Hydralisk x2  
  129  20:44  Lurker x2  
  131  20:55  Overseer  
  113  21:18  Hydralisk x4  
  105  21:35  Overlord x5  
  105  21:46  Hydralisk  
  103  21:49  Overlord  
  83  22:08  Extractor  
  83  22:10  Zergling x8  
Tags
 
Add a new tag
Caveats
  • Supply blocks, unpowered buildings, or Contaminate may cause inaccurate times.
  • Supply counts are checked every 10 seconds.